 Dungeon Sprint DCSS version 0.18.1-6-gd335043 (webtiles) character file.

2293 Hipnos the Unseen (level 9, -3/42 HPs)
             Began as a Spriggan Enchanter on May 20, 2016.
             Was an Elder of Sif Muna.
             Slain by a demonic crawler (4 damage)
             ... in the Dungeon (Sprint I: "Red Sonja").
             The game lasted 00:03:01 (532 turns).

Hipnos the Unseen (Spriggan Enchanter)               Turns: 532, Time: 00:03:02

Health: -3/42      AC:  3    Str:  4    XL:     9   Next: 17%
Magic:  2/21       EV: 23    Int: 19    God:    Sif Muna [****..]
Gold:   658        SH:  0    Dex: 17    Spells: 3 memorised, 16 levels left

rFire  . . .     SeeInvis +     a - +1 dagger
rCold  . . .     Gourm    .     b - +1 robe
rNeg   . . .     Faith    .     (shield restricted)
rPois  .         Spirit   .     (helmet restricted)
rElec  .         Dismiss  .     (no cloak)
rCorr  .         Reflect  .     (gloves unavailable)
SustAt .         Harm     .     (boots unavailable)
MR     +....     NoTele   +     (no amulet)
Stlth  +++++++++.               (no ring)
                                (no ring)

@: very quick, somewhat resistant to hostile enchantments, incredibly stealthy
A: unfitting armour, see invisible, herbivore 3, speed 3, slow metabolism 2
a: Channel Energy, Forget Spell, Renounce Religion


You were in the Dungeon.
You worshipped Sif Muna.
Sif Muna was greatly pleased with you.
You were not hungry.

You visited 1 branch You collected 658 gold pieces.

Inventory:

Hand Weapons
 a - a +1 dagger (weapon)
Armour
 b - a +1 robe (worn)
Scrolls
 j - a scroll of blinking
 k - a scroll of remove curse {unknown}
Potions
 e - 3 potions of curing
 f - a potion of heal wounds
 g - a potion of haste
 h - 2 potions of magic
 i - a potion of mutation {unknown}
Books
 c - a book of Maledictions

   Spells                             Type                      Level
   a - Corona                         Hexes                        1
   b - Ensorcelled Hibernation        Hexes/Ice                    2
   c - Confuse                        Hexes                        3
   d - Tukima's Dance                 Hexes                        3
   e - Dazzling Spray                 Conjuration/Hexes            3
Comestibles
 d - a bread ration


   Skills:
 + Level 1.7 Fighting
 + Level 2.9 Short Blades
 + Level 7.3 Dodging
 * Level 20.3 Stealth
 + Level 7.4 Spellcasting
 * Level 15.0 Hexes


You had 16 spell levels left.
You knew the following spells:

 Your Spells              Type           Power        Failure   Level  Hunger
a - Corona                Hex            ######.      1%          1    None
b - Ensorcelled Hibernat  Hex/Ice        #####.       1%          2    None
c - Confuse               Hex            ######..     1%          3    #......


Dungeon Overview and Level Annotations

Branches:
Dungeon (1/1)

Altars:
Cheibriados
Dithmenos
Elyvilon
Fedhas
Gozag
Kikubaaqudgha
Makhleb
Nemelex Xobeh
Okawaru
Pakellas
Qazlal
Ru
Sif Muna
Trog
Vehumet
Xom
Yredelemnul
Zin
The Shining One
Jiyva

Shops:
D %([


Innate Abilities, Weirdness & Mutations

You are tiny and cannot use many weapons and most armour.
You have supernaturally acute eyesight.
You are a herbivore.
You cover ground extremely quickly.
You need consume almost no food.


Message History

The demonic crawler misses you.
You hit the demonic crawler but do no damage.
The demonic crawler is severely wounded.
The demonic crawler closely misses you. x2
The demonic crawler barely misses you.
Casting: Confuse
Confirm with . or Enter, or press ? or * to list all spells.
Aiming: Confuse
Press: ? - help, Shift-Dir - straight line, f - demonic crawler, p - demonic crawler
Aim: a demonic crawler (clinging, chance to defeat MR: 13%)
The demonic crawler resists with almost no effort.
The demonic crawler hits you but does no damage.
The demonic crawler completely misses you.
The demonic crawler hits you but does no damage.
The demonic crawler hits you!
* * * LOW HITPOINT WARNING * * *
The demonic crawler hits you!
* * * LOW HITPOINT WARNING * * *
The demonic crawler misses you. The demonic crawler hits you.
You die...

########################
.#.)'..#.)'..#__#ss'...#
.'..#.)'..#..'^.@s.#)..##+#
.#####'#####'#__####...'..#
.## #..#...#%#### #####.s+
.#__####..##(# ##
.#_.___##'#..+
⌠#_.∩..†'..._#
##_..._##_.#'##+### #_____
##'#.#...[###
##########.####'###.##


You could see 3 demonic crawlers.

Vanquished Creatures
  Sonja (D)
  A deep troll (D)
  2 kobold demonologists (D)
  A slime creature (D)
  Sigmund (D)
  A yak (D)
  A giant eyeball (D)
  An ogre (D)
  A jelly (D)
  Ijyb (D)
11 creatures vanquished.

Notes
Turn   | Place    | Note
--------------------------------------------------------------
     0 | D        | Hipnos the Spriggan Enchanter began the quest for the Orb.
     0 | D        | Reached XP level 1. HP: 9/9 MP: 5/5
     1 | D        | Noticed Ijyb
     8 | D        | Killed Ijyb
     8 | D        | Reached skill level 7 in Stealth
     8 | D        | Reached skill level 5 in Hexes
     8 | D        | Reached XP level 2. HP: 9/14 MP: 7/7
   174 | D        | Learned a level 2 spell: Ensorcelled Hibernation
   174 | D        | Noticed an ogre
   177 | D        | Killed an ogre
   177 | D        | Reached skill level 10 in Stealth
   177 | D        | Reached XP level 3. HP: 17/17 MP: 9/9
   177 | D        | Reached XP level 4. HP: 21/21 MP: 10/10
   193 | D        | Learned a level 3 spell: Confuse
   193 | D        | Noticed Sigmund
   196 | D        | Killed Sigmund
   196 | D        | Reached skill level 5 in Dodging
   196 | D        | Reached skill level 12 in Stealth
   196 | D        | Reached skill level 10 in Hexes
   196 | D        | Reached XP level 5. HP: 25/25 MP: 11/13
   209 | D        | Found a deep blue altar of Sif Muna.
   211 | D        | Found a radiant altar of Vehumet.
   215 | D        | Became a worshipper of Sif Muna the Loreminder
   217 | D        | Reached skill level 5 in Spellcasting
   217 | D        | Reached XP level 6. HP: 29/29 MP: 14/14
   234 | D        | Found Murawn's Antique Weapon Emporium.
   234 | D        | Found a white marble altar of Elyvilon.
   234 | D        | Found a stormy altar of Qazlal.
   234 | D        | Found a burning altar of Makhleb.
   234 | D        | Found a sacrificial altar of Ru.
   234 | D        | Found an oddly glowing altar of Pakellas.
   234 | D        | Found a basalt altar of Yredelemnul.
   234 | D        | Found a glowing golden altar of the Shining One.
   234 | D        | Found a sparkling altar of Nemelex Xobeh.
   234 | D        | Found a shimmering altar of Xom.
   234 | D        | Found an opulent altar of Gozag.
   234 | D        | Found an ancient bone altar of Kikubaaqudgha.
   234 | D        | Found a glowing silver altar of Zin.
   234 | D        | Noticed a yak
   235 | D        | Found an iron altar of Okawaru.
   236 | D        | Killed a yak
   236 | D        | Reached * piety under Sif Muna
   236 | D        | Reached skill level 14 in Stealth
   237 | D        | Found a bloodstained altar of Trog.
   252 | D        | Noticed Sonja
   256 | D        | Killed Sonja
   256 | D        | Reached ** piety under Sif Muna
   256 | D        | Reached skill level 1 in Fighting
   256 | D        | Reached skill level 17 in Stealth
   256 | D        | Reached XP level 7. HP: 33/33 MP: 15/17
   256 | D        | Reached XP level 8. HP: 37/37 MP: 15/18
   268 | D        | Noticed a deep troll
   276 | D        | Killed a deep troll
   276 | D        | Reached *** piety under Sif Muna
   276 | D        | Reached skill level 18 in Stealth
   287 | D        | Found Omnociek's Armour Emporium.
   326 | D        | Found Eruengy's Food Boutique.
   371 | D        | Found a snail-covered altar of Cheibriados.
   371 | D        | Found a viscous altar of Jiyva.
   371 | D        | Found a shadowy altar of Dithmenos.
   371 | D        | Found a blossoming altar of Fedhas.
   371 | D        | Noticed a slime creature
   374 | D        | Killed a slime creature
   374 | D        | Reached skill level 19 in Stealth
   386 | D        | Noticed a kobold demonologist
   387 | D        | Noticed a kobold demonologist
   391 | D        | Killed a kobold demonologist
   393 | D        | Reached XP level 9. HP: 42/42 MP: 15/21
   395 | D        | Noticed a soul eater
   396 | D        | Noticed a rust devil
   397 | D        | Noticed an ice devil
   398 | D        | Killed a kobold demonologist
   398 | D        | Reached **** piety under Sif Muna
   398 | D        | Reached skill level 20 in Stealth
   398 | D        | Reached skill level 15 in Hexes
   515 | D        | Noticed a demonic crawler
   515 | D        | Noticed a demonic crawler
   515 | D        | Noticed a demonic crawler
   515 | D        | Noticed a demonic crawler
   532 | D        | HP: 1/42 [demonic crawler (11)]
   532 | D        | Slain by a demonic crawler

Skill      XL: |  1  2  3  4  5  6  7  8  9 |
---------------+----------------------------+-----
Stealth        | 7 10 12 17 19 20 | 20.3
Spellcasting   | 3 4 5 6 7 |  7.4
Hexes          | 5 8 10 13 14 15 | 15.0
Dodging        | 4 5 6 7 |  7.3
Short Blades   | 2 |  2.9
Fighting       | 1 |  1.7

Action                   |  1- 3 |  4- 6 |  7- 9 || total
-------------------------+-------+-------+-------++-------
Melee: Dagger            |     5 |     4 |     9 ||    18
 Cast: Ensorcelled Hiber |       |       |     7 ||     7
       Confuse           |       |       |     7 ||     7
  Use: Potion            |     1 |       |       ||     1
 Stab: Sleeping          |     2 |     4 |     5 ||    11
       Confused          |       |       |     1 ||     1
Armor: Robe              |       |       |     2 ||     2
Dodge: Dodged            |     1 |       |    28 ||    29
